 Dungeon Crawl Stone Soup version 0.29.1-12-g30fa7ad0bf (webtiles) character file.

Game seed: 18179093429032729517

10073 wormed the Cleaver (level 11, -3/101 HPs)
             Began as a Hill Orc Fighter on Dec 20, 2022.
             Was an Elder of Beogh.
             Succumbed to a black mamba's poison
             ... on level 1 of the Lair of Beasts.
             The game lasted 00:29:05 (8789 turns).

wormed the Cleaver (Hill Orc Fighter)               Turns: 8789, Time: 00:29:05

Health: -3/101     AC: 19    Str: 22 (24) XL:     11   Next: 56%
Magic:  11/11      EV:  6    Int:  5 (8)  God:    Beogh [****..]
Gold:   525        SH:  6    Dex: 14 (16) Spells: 10/10 levels left

rFire   . . .      SeeInvis .   p - +2 war axe (flame)
rCold   . . .      Faith    .   c - +0 buckler
rNeg    . . .      Spirit   .   m - +0 plate armour
rPois   .          Reflect  .   (no helmet)
rElec   .          Harm     .   s - +0 cloak
rCorr   .          Rampage  .   x - +1 pair of gloves
Will    .....                   n - +0 pair of boots
Stlth   ..........              e - amulet of regeneration
HPRegen 1.06/turn               o - +6 ring of dexterity
MPRegen 0.12/turn               (no ring)

@: lethally poisoned (-3 -> -50)
A: no striking features
a: Renounce Religion, Smiting, Recall Orcish Followers


You were on level 1 of the Lair of Beasts.
You worshipped Beogh.
Beogh was greatly pleased with you.
You visited 2 branches of the dungeon, and saw 10 of its levels.
You also visited: Ossuary.

You collected 525 gold pieces.

Inventory:

Hand Weapons
 p - a +2 war axe of flaming (weapon)
 w - the +3 trident of Tenedi {venom, *Rage rC+ Int+7}
   (You found it on level 5 of the Dungeon)

   It poisons the flesh of those it strikes.
   Int:       It affects your intelligence (+7).
   rC:        It protects you from cold.
   *Rage:     It berserks you when you make melee attacks (+20% chance).
Armour
 c - a +0 buckler (worn)
 m - a +0 plate armour (worn)
 n - a +0 pair of boots (worn)
 s - a +0 cloak (worn)
 x - a +1 pair of gloves (worn)
Jewellery
 e - an amulet of regeneration (around neck)
 o - a +6 ring of dexterity (left hand)
Wands
 r - a wand of roots (12)
 u - a wand of quicksilver (3)
 y - a wand of flame (47)
 A - a wand of charming (6)
Scrolls
 a - 2 scrolls of vulnerability {unknown}
 b - 2 scrolls of enchant armour
 f - 2 scrolls of noise
 q - 3 scrolls of butterflies
 v - 3 scrolls of immolation
 C - a scroll of fear {unknown}
 D - a scroll of torment {unknown}
 E - a scroll of identify
 F - a scroll of amnesia {unknown}
Potions
 d - a potion of might
 g - 2 potions of brilliance
 h - 2 potions of cancellation
 i - a potion of degeneration
 j - a potion of lignification
 k - 3 potions of attraction
 l - 5 potions of magic
 t - 2 potions of curing {unknown}


   Skills:
 + Level 10.3 Fighting
 * Level 14.7 Axes
 + Level 9.4 Armour
 + Level 9.4 Shields


You had 10 spell levels left.
You didn't know any spells.
Your spell library contained the following spells:

 Spells                   Type           Power      Damage    Failure   Level
 Beastly Appendage        Tmut           0%         N/A       100%        1
 Wereblood                Tmut           0%         N/A       100%        2
 Conjure Flame            Conj/Fire      0%         6-21      100%        3
 Ignite Poison            Fire/Tmut/Pois 0%         N/A       100%        3
 Mephitic Cloud           Conj/Pois/Air  0%         N/A       100%        3
 Spider Form              Tmut/Pois      0%         N/A       100%        3
 Anguish                  Hex/Necr       0%         N/A       100%        4
 Olgreb's Toxic Radiance  Pois           0%         N/A       100%        4
 Sticky Flame             Conj/Fire      0%         2d3       100%        4
 Freezing Cloud           Conj/Ice/Air   0%         6-21      100%        5
 Enfeeble                 Hex            0%         N/A       100%        7
 Ozocubu's Refrigeration  Ice            0%         4d7       100%        7
 Ignition                 Fire           0%         3d3       100%        8


Dungeon Overview and Level Annotations

Branches:
Dungeon (8/15)             Temple (0/1) D:7            Lair (2/5) D:8
Ossuary (visited)
  Swamp: Lair:2-3    Shoals: Lair:2-3     Snake: Lair:2-3    Spider: Lair:2-3

Altars:
Dithmenos
Qazlal
Vehumet
Yredelemnul
Zin

Shops:
D:4 *(

Annotations:
Lair:2 exclusion: oklob plant


Message History

* * * LOW HITPOINT WARNING * * *
You are more poisoned.
The black mamba poisons you!
You feel much better.
* * * LOW HITPOINT WARNING * * *
You feel extremely sick. The black mamba bites you.
* * * LOW HITPOINT WARNING * * *
You barely miss the black mamba.
The black mamba is almost dead.
* * * LOW HITPOINT WARNING * * *
You feel very sick.
The black mamba bites you but does no damage.
The black mamba bites you.
* * * LOW HITPOINT WARNING * * *
You feel much better.
You feel extremely sick. You block the black mamba's attack.
You barely miss the black mamba.
The black mamba is almost dead.
You feel very sick. The black mamba bites you.
* * * LOW HITPOINT WARNING * * *
You are lethally poisoned!
The black mamba poisons you! The black mamba bites you!
* * * LOW HITPOINT WARNING * * *
It was a potion of degeneration.
There was something very wrong with that liquid.
You feel weakened.
You feel dopey.
You feel clumsy.
* * * LOW HITPOINT WARNING * * *
You feel extremely sick. The black mamba bites you.
* * * LOW HITPOINT WARNING * * *
You are more poisoned.
The black mamba poisons you! You block the black mamba's attack.
Aiming: Smiting
Press: ? - help, Dir - move target, f - black mamba Smite: a black mamba (almost dead)
You fail to use your ability.
You die...

..#...#############P###.#####..~.
......#.#P.....#.......#.........
.......##........................
.................................
.................................
.................................
.......#...............#.........
......###......S......P##........
.....## ##......@....####........
#P#### ####..##.#### #########
### #######


You could see a black mamba.

Vanquished Creatures
  2 hydras (Lair:2)
  Erica (D:8)
  An elephant (D:8)
  A cane toad (Lair:1)
  Maggie (D:8)
  A black mamba (Lair:2)
  Psyche (D:8)
  A komodo dragon (Lair:1)
  5 polar bears (Lair:1)
  Grinder (D:5)
  4 yaks (D:8)
  A wyvern (D:8)
  A steam dragon (Lair:2)
  An acid dragon (D:5)
  3 water moccasins
  3 orc warriors
  6 black bears
  3 ice beasts
  3 ogres
  2 centaurs
  2 phantoms (D:5)
  2 kobold brigands
  5 bullfrogs
  An elf zombie (Ossuary)
  3 necrophages
  3 scorpions
  2 cane toad simulacra (Lair:1)
  3 wights (D:7)
  2 electric eels (Lair:1)
  A howler monkey (D:5)
  3 centaur zombies (Ossuary)
  4 hounds
  2 human zombies (Ossuary)
  3 jellies (D:6)
  A gnoll bouda (D:5)
  An orc priest (D:7)
  Crazy Yiuf (D:3)
  4 iguanas
  4 orc wizards
  2 mummies (Ossuary)
  8 gnolls
  8 adders
  2 shadow imps
  3 white imps
  An ufetubus (D:6)
  An adder zombie (Ossuary)
  2 worms (D:2)
  7 dart slugs
  23 orcs
  5 bats
  7 endoplasms
  5 giant cockroaches
  7 goblins
  10 hobgoblins
  5 quokkas
  7 ball pythons
  3 frilled lizards
  A goblin zombie (Ossuary)
  10 hobgoblin zombies (Ossuary)
  A jackal zombie (Ossuary)
  18 kobolds
  8 kobold zombies (Ossuary)
  8 orc zombies (Ossuary)
  3 rats (D:1)
  2 rat zombies (Ossuary)
246 creatures vanquished.

Vanquished Creatures (others)
  A komodo dragon (Lair:2)
  2 orc wizards
  An orc (Lair:1)
  A bat (D:3)
  2 fungi
  9 plants
16 creatures vanquished.

Grand Total: 262 creatures vanquished

Notes
Turn   | Place    | Note
-------+----------+-------------------------------------------
     0 | D:1      | wormed the Hill Orc Fighter began the quest for the Orb.
     0 | D:1      | Reached XP level 1. HP: 19/19 MP: 1/1
   119 | D:1      | Reached skill level 3 in Axes
   121 | D:1      | Reached XP level 2. HP: 27/27 MP: 2/2
   419 | D:1      | Reached XP level 3. HP: 31/33 MP: 3/3
  1374 | D:2      | Reached skill level 4 in Axes
  1489 | D:2      | Reached XP level 4. HP: 40/40 MP: 4/4
  1819 | D:3      | Became a worshipper of Beogh the Brigand
  1919 | D:3      | Found a faded altar of an unknown god.
  2418 | D:3      | Found a runed translucent door.
  2419 | D:3      | Noticed Crazy Yiuf
  2636 | D:3      | Killed Crazy Yiuf
  2637 | D:3      | Reached XP level 5. HP: 46/47 MP: 5/5
  2719 | D:4      | Noticed an ogre
  2731 | D:4      | Killed an ogre
  2732 | D:4      | Reached skill level 5 in Axes
  2752 | D:4      | Reached XP level 6. HP: 51/53 MP: 6/6
  2794 | D:4      | Reached skill level 6 in Axes
  2841 | D:4      | Reached skill level 5 in Fighting
  2935 | D:4      | Reached * piety under Beogh
  3084 | D:4      | Reached XP level 7. HP: 61/61 MP: 7/7
  3215 | D:4      | Found Ytzosk's Assorted Antiques.
  3319 | D:4      | Found Isiwy's Firing Range.
  3888 | D:5      | Entered Level 5 of the Dungeon
  4008 | D:5      | Reached skill level 5 in Armour
  4012 | D:5      | Reached skill level 7 in Axes
  4012 | D:5      | Reached skill level 5 in Shields
  4032 | D:5      | Found a radiant altar of Vehumet.
  4202 | D:5      | Reached XP level 8. HP: 70/70 MP: 8/8
  4484 | D:5      | Reached skill level 8 in Axes
  4694 | D:5      | Identified the +3 trident of Tenedi {venom, *Rage rC+
                  | Int+7}
  4969 | D:5      | Reached skill level 9 in Axes
  5487 | D:5      | Reached XP level 9. HP: 71/78 MP: 9/9
  5516 | D:6      | Noticed Grinder
  5516 | D:6      | Paralysed by Grinder for 4 turns
  5522 | D:5      | HP: 3/79 [poisoned by an orc warrior]
  5528 | D:5      | Killed Grinder
  5529 | D:5      | Reached skill level 10 in Axes
  5604 | D:6      | Reached ** piety under Beogh
  5869 | D:6      | Found a shadowy altar of Dithmenos.
  5869 | D:6      | Found a stormy altar of Qazlal.
  6334 | D:7      | Found a sand-covered staircase.
  6352 | D:7      | Found a basalt altar of Yredelemnul.
  6388 | D:7      | Reached skill level 11 in Axes
  6577 | D:7      | Reached *** piety under Beogh
  6616 | D:7      | Found a staircase to the Ecumenical Temple.
  6659 | D:7      | Reached XP level 10. HP: 87/88 MP: 10/10
  6958 | Ossuary  | Entered an ossuary
  7093 | Ossuary  | Reached skill level 12 in Axes
  7099 | Ossuary  | Reached **** piety under Beogh
  7197 | D:8      | Noticed Psyche
  7224 | D:8      | Killed Psyche
  7254 | D:8      | Noticed an elephant
  7268 | D:8      | Killed an elephant
  7311 | D:8      | Found a staircase to the Lair.
  7379 | D:8      | Noticed Maggie
  7388 | D:8      | Killed Maggie
  7445 | D:8      | Noticed Erica
  7451 | D:8      | Killed Erica
  7452 | D:8      | Reached skill level 13 in Axes
  7795 | Lair:1   | Entered Level 1 of the Lair of Beasts
  7883 | Lair:1   | Found a frozen archway.
  7942 | Lair:1   | Reached XP level 11. HP: 97/97 MP: 11/11
  8106 | Lair:1   | Reached skill level 14 in Axes
  8620 | Lair:2   | Noticed an eight-headed hydra
  8630 | Lair:2   | Killed a three-headed hydra
  8631 | Lair:2   | Reached skill level 10 in Fighting
  8744 | Lair:2   | Noticed a four-headed hydra
  8747 | Lair:2   | Noticed a catoblepas
  8752 | Lair:2   | Killed a one-headed hydra
  8771 | Lair:2   | Found a glowing silver altar of Zin.
  8771 | Lair:2   | Noticed an oklob plant
  8789 | Lair:1   | Succumbed to a black mamba's poison

Illustrated notes

Levels and vault maps discovered:
D:1:      sevenhm_arrival_forest_fort_small_4, layout_basic,
          minmay_misc_feat_room, minmay_3d_cube
D:2:      layout_basic, minmay_cupped
D:3:      layout_basic, ebering_ecumenical_altar_sacrificial,
          serial_park_tiny_pond, uniq_crazy_yiuf_cottage
D:4:      layout_layer_cave, serial_shops, nicolae_inconvenience_store,
          nicolae_shop_firing_range
D:5:      minmay_general_purpose_star, layout_layer_cave, vehumet_crystals
D:6:      layout_loops_ring, jmf_multi_god_temple, portal_sewer_entry_d,
          glass_columns_c, uniq_grinder
D:7:      layout_gridville, mainiacjoe_overflow_chevrons,
          minmay_temple_entry_grid, nicolae_ossuary_entry_ruins,
          kennysheep_decorative_pillar
D:8:      layout_cave_pools, david_lair_generic, chequers_serial_rivers_marsh,
          uniq_psyche, uniq_maggie, uniq_erica
Lair:1:   layout_gridlike, serial_bayou, serial_bayou_pond_d,
          serial_bayou_pond_d, serial_bayou_ford_a, serial_bayou_pond_c,
          serial_bayou_pond_c, portal_ice_cave_entry_ice_simulacra,
          cheibrodos_lair_lostbears, grunt_megastairs_2
Lair:2:   layout_hall_layers, nicolae_swamp_entry_splash_gauntlet,
          lemuel_oklob_altar

Skill      XL: |  1  2  3  4  5  6  7  8  9 10 11 |
---------------+----------------------------------+-----
Axes           | 3 4 5 6 7 9 11 13 14 | 14.7
Fighting       | 4 5 6 8 9 10 | 10.3
Armour         | 4 5 6 7 8 9 |  9.4
Shields        | 4 5 6 7 8 9 |  9.4

Action                   |  1- 3 |  4- 6 |  7- 9 | 10-12 || total
-------------------------+-------+-------+-------+-------++-------
Melee: War axe           |   109 |   113 |   241 |   265 ||   728
Invok: Convert to Beogh  |       |     1 |       |       ||     1
       Recall Orcish Fol |       |       |       |     1 ||     1
  Use: Scroll            |       |     4 |     3 |     7 ||    14
       Potion            |       |       |     3 |     6 ||     9
 Stab: Invisible         |       |       |     2 |       ||     2
       Petrified         |       |       |       |     2 ||     2
Armor: Scale mail        |    31 |       |       |       ||    31
       Plate armour      |    17 |    98 |   172 |   185 ||   472
Dodge: Dodged            |    36 |    54 |    88 |    77 ||   255
Block: Buckler           |    20 |    29 |    82 |    84 ||   215
